 Dungeon Crawl Stone Soup version 0.21-a0-536-gdbbf329 (webtiles) character file.

769 tidbits the Digger (level 7, -8/51 HPs)
             Began as a Gnoll Earth Elementalist on Dec 15, 2017.
             Was a Follower of Cheibriados.
             Killed from afar by an orc sorcerer (24 damage)
             ... with a bolt of negative energy
             ... on level 7 of the Dungeon.
             The game lasted 00:13:18 (1081 turns).

tidbits the Digger (Gnoll Earth Elementalist)       Turns: 1081, Time: 00:13:18

Health: -8/51      AC:  3    Str: 14    XL:     7   Next: 82%
Magic:  11/15      EV: 15    Int: 26    God:    Cheibriados [*.....]
Gold:   155        SH:  0    Dex: 18    Spells: 11/17 levels left

rFire    . . .     SeeInvis .   o - +0 dagger
rCold    . . .     Gourm    .   (no shield)
rNeg     . . .     Faith    .   c - +0 robe
rPois    .         Spirit   .   (no helmet)
rElec    .         Reflect  .   (no cloak)
rCorr    .         Harm     .   (no gloves)
MR       .....                  m - +0 pair of boots
Stlth    +++.......             y - amulet of magic regeneration
HPRegen  0.17/turn              p - +4 ring of intelligence
MPRegen  0.39/turn              (no ring)

@: drained, very slow
A: distributed training, fangs 1, strong nose
a: Bend Time, Renounce Religion


You were on level 7 of the Dungeon.
You worshipped Cheibriados.
Cheibriados was aware of your devotion.
You were not hungry.

You visited 1 branch of the dungeon, and saw 8 of its levels.

You collected 155 gold pieces.

Inventory:

Hand Weapons
 f - a cursed +0 hunting sling
 o - a +0 dagger (weapon)
 q - a +0 war axe
 x - a +0 scythe
Missiles
 g - 53 arrows
 i - 22 sling bullets
Armour
 c - a +0 robe (worn)
 m - a +0 pair of boots (worn)
Jewellery
 p - a +4 ring of intelligence (left hand)
   (You found it on level 3 of the Dungeon)
 y - an amulet of magic regeneration (around neck)
   (You found it on level 5 of the Dungeon)
Wands
 l - a wand of clouds (8)
Scrolls
 k - a scroll of identify
 r - 5 scrolls of remove curse
 s - 2 scrolls of fear {unknown}
 t - 2 scrolls of teleportation
 v - a scroll of enchant weapon {unknown}
Potions
 a - a potion of lignification {unknown}
 h - a potion of ambrosia {unknown}
 n - a potion of mutation {unknown}
 u - a potion of flight {unknown}
 w - 2 potions of curing {unknown}
 z - a potion of heal wounds {unknown}
Books
 e - a book of Geomancy

   Spells                             Type                      Level
   a - Sandblast                      Earth                        1
   b - Passwall                       Transmutation/Earth          2
   c - Stone Arrow                    Conjuration/Earth            3
   d - Petrify                        Transmutation/Earth          4
   e - Lee's Rapid Deconstruction     Earth                        5
Comestibles
 d - 2 bread rations
 j - a royal jelly


   Skills:
 + Level 2.6(2.1) Fighting
 + Level 2.6(2.1) Short Blades
 + Level 2.6(2.1) Long Blades
 + Level 2.6(2.1) Axes
 + Level 2.6(2.1) Maces & Flails
 + Level 2.6(2.1) Polearms
 + Level 2.6(2.1) Staves
 + Level 2.6(2.1) Slings
 + Level 2.6(2.1) Bows
 + Level 2.6(2.1) Crossbows
 + Level 2.6(2.1) Throwing
 + Level 2.6(2.1) Armour
 + Level 5.3(4.7) Dodging
 + Level 5.0(4.4) Stealth
 + Level 2.6(2.1) Shields
 + Level 2.6(2.1) Unarmed Combat
 + Level 5.7(5.1) Spellcasting
 + Level 2.1(1.6) Conjurations
 + Level 2.1(1.6) Hexes
 + Level 2.1(1.6) Charms
 + Level 2.1(1.6) Summonings
 + Level 2.1(1.6) Necromancy
 + Level 2.1(1.6) Translocations
 + Level 3.1(2.5) Transmutations
 + Level 2.1(1.6) Fire Magic
 + Level 2.1(1.6) Ice Magic
 + Level 2.1(1.6) Air Magic
 + Level 5.9(5.3) Earth Magic
 + Level 2.1(1.6) Poison Magic
 + Level 3.0(2.4) Invocations
 + Level 2.6(2.1) Evocations


You had 11 spell levels left.
You knew the following spells:

 Your Spells              Type           Power        Failure   Level  Hunger
a - Sandblast             Erth           ####..       1%          1    None
t - Stone Arrow           Conj/Erth      ###...       5%          3    #......
w - Passwall              Tmut/Erth      ####......   2%          2    None


Dungeon Overview and Level Annotations

Branches:
Dungeon (8/15)             Temple (0/1) D:5
   Lair: D:8-11

Altars:
Cheibriados
Nemelex Xobeh
Qazlal
Wu Jian
Zin

Shops:
D:7 [


Innate Abilities, Weirdness & Mutations

Your experience applies equally to all skills.
You have very sharp teeth.
Your uncanny sense of smell can sniff out nearby items.


Message History

You bite the orc wizard.
The orc wizard is lightly wounded.
The orc wizard hits you with a dagger. The orc misses you.
Casting: Stone Arrow
Confirm with . or Enter, or press ? or * to list all spells.
Aiming: Stone Arrow
Press: ? - help, Shift-Dir - straight line, f - orc wizard
Aim: an orc wizard, wielding a dagger and wearing a robe (lightly wounded)
The stone arrow misses the orc wizard.
The orc wizard closely misses you. The orc closely misses you.
You hit the orc wizard. You bite the orc wizard.
The orc wizard is heavily wounded.
The orc wizard completely misses you.
You closely miss the orc wizard.
The orc wizard is heavily wounded.
The orc completely misses you. The orc wizard casts a spell at you.
You resist with some effort.
You hit the orc wizard but do no damage.
The orc wizard is heavily wounded.
The orc closely misses you.
The orc wizard points at you and mumbles some strange words.
You resist with some effort.
You hit the orc wizard.
The orc wizard is severely wounded.
The orc wizard hits you with a dagger. The orc hits you with a flail.
An orc comes into view. It is wielding a flail.
Casting: Stone Arrow
Confirm with . or Enter, or press ? or * to list all spells.
Aiming: Stone Arrow
Press: ? - help, Shift-Dir - straight line, f/p - orc wizard
Aim: an orc wizard, wielding a dagger and wearing a robe (severely wounded)
The stone arrow hits the orc wizard.
You kill the orc wizard!
Cheibriados appreciates the change of pace.
Your Invocations skill increases to level 3!
The orc shouts!
The orc misses you.
A wizard comes into view. It is wielding a dagger.
Found a blackened book.
Found Yceat's Antique Armour Boutique.
Items here: )) [[ † a dagger; a robe; a dagger; a robe; an orc corpse The wizard mumbles some strange words.
The wizard flickers and vanishes!
Deactivating autopickup; reactivate with Ctrl-A.
There is an open door here.
The orc hits you with a flail.
There is an entrance to Yceat's Antique Armour Boutique here.
You can access your shopping list by pressing '$'.
You hit the orc.
The orc is lightly wounded.
A bolt of lightning appears from out of thin air!
The bolt of lightning hits the orc.
The orc dies!
The bolt of lightning misses you.
You hit the orc but do no damage. You bite the orc, but do no damage.
You hear the brisk hiss of an avalanche of sand nearby.
The orc closely misses you.
You hit the orc but do no damage.
An orc sorcerer comes into view. It is wielding a dagger.
You barely miss the orc. The orc hits you with a flail.
Press: ? - help, v - describe, . - travel, g - get item
Here: an orc, wielding a flail and wearing a leather armour A flail.
An open door.
Unknown command.
The orc sorcerer shouts!
You hit the orc but do no damage. Your bite misses the orc.
You hear a shout! x2
The orc closely misses you.
An orc sorcerer comes into view. It is wielding a dagger.
As you read the scroll labeled QUCLEIZXUHU, it crumbles to dust.
It is a scroll of identify.
t - 3 scrolls of teleportation The orc hits you with a flail.
* * * LOW HITPOINT WARNING * * *
As you read the scroll of teleportation, it crumbles to dust.
You feel strangely unstable. The orc hits you with a flail.
* * * LOW HITPOINT WARNING * * *
The orc sorcerer mumbles some strange words.
An orc sorcerer comes into view. It is wielding a dagger.
You hit the orc but do no damage.
The orc sorcerer gestures wildly while chanting.
You hit the orc but do no damage. The orc barely misses you.
You hit the orc but do no damage. The orc closely misses you.
You completely miss the orc.
Your surroundings suddenly seem different.
Found 13 gold pieces.
You see here 13 gold pieces.
You now have 155 gold pieces (gained 13).
The orc sorcerer shouts!
Something hits you.
* * * LOW HITPOINT WARNING * * *
Something hits you.
* * * LOW HITPOINT WARNING * * *
You open the door.
An orc skeleton comes into view.
The orc sorcerer casts a spell at you. The bolt of negative energy hits you!
You feel drained.
You die...

##≈.o...........#
######<
##≈≈.).....o.....#
#.
≈≈≈...!3###......#
#.
........o∩#.....##
#.
.....#..###.....#
### ## ####
#..........# ..
###...o....# .#
#####.<{.##.#
#.....@...#
#####'#...#
#.#...# #Z#...#
+(#...# ###...#
#...# #...# #...#


You could see 2 orc sorcerers and an orc skeleton (dormant).

Vanquished Creatures
  An ice beast (D:7)
  An ogre (D:8)
  A bullfrog (D:6)
  A scorpion (D:8)
  A centaur zombie (D:5)
  A bullfrog zombie (D:5)
  2 hounds (D:7)
  A jelly (D:5)
  An orc priest (D:7)
  4 orc wizards (D:7)
  A centaur skeleton (D:6)
  2 worker ants
  A worker ant zombie (D:5)
  A gnoll (D:1)
  7 adders
  A shadow imp (D:5)
  A dart slug (D:2)
  2 leopard geckos
  2 giant cockroaches
  4 goblins
  6 jackals
  3 quokkas
  A ball python (D:2)
  A bat (D:2)
  2 frilled lizards
  A leopard gecko skeleton (D:5)
  A leopard gecko zombie (D:5)
  A quokka skeleton (D:5)
  A quokka zombie (D:5)
  A rat (D:3)
54 creatures vanquished.

Vanquished Creatures (others)
  An orc (D:7)
1 creature vanquished.

Grand Total: 55 creatures vanquished

Notes
Turn   | Place    | Note
-------+----------+-------------------------------------------
     0 | D:1      | tidbits the Gnoll Earth Elementalist began the quest for the Orb.
     0 | D:1      | Reached XP level 1. HP: 13/13 MP: 6/6
    17 | D:1      | Reached skill level 2 in Transmutations
    54 | D:1      | Reached XP level 2. HP: 19/19 MP: 4/7
    63 | D:1      | Learned a level 2 spell: Passwall
   138 | D:2      | Reached skill level 5 in Spellcasting
   138 | D:2      | Reached XP level 3. HP: 25/25 MP: 4/9
   190 | D:2      | Reached skill level 1 in Invocations
   194 | D:2      | Found a sparkling altar of Nemelex Xobeh.
   299 | D:2      | Reached skill level 1 in Fighting
   299 | D:2      | Reached skill level 1 in Short Blades
   299 | D:2      | Reached skill level 1 in Long Blades
   299 | D:2      | Reached skill level 1 in Axes
   299 | D:2      | Reached skill level 1 in Maces & Flails
   299 | D:2      | Reached skill level 1 in Polearms
   299 | D:2      | Reached skill level 1 in Staves
   299 | D:2      | Reached skill level 1 in Slings
   299 | D:2      | Reached skill level 1 in Bows
   299 | D:2      | Reached skill level 1 in Crossbows
   299 | D:2      | Reached skill level 1 in Throwing
   299 | D:2      | Reached skill level 1 in Armour
   299 | D:2      | Reached skill level 1 in Shields
   299 | D:2      | Reached skill level 1 in Unarmed Combat
   299 | D:2      | Reached skill level 1 in Evocations
   301 | D:2      | Reached XP level 4. HP: 32/32 MP: 4/11
   434 | D:4      | Learned a level 3 spell: Stone Arrow
   441 | D:4      | Found a snail-covered altar of Cheibriados.
   447 | D:4      | Became a worshipper of Cheibriados the Contemplative
   501 | D:4      | Reached skill level 1 in Conjurations
   501 | D:4      | Reached skill level 1 in Hexes
   501 | D:4      | Reached skill level 1 in Charms
   501 | D:4      | Reached skill level 1 in Summonings
   501 | D:4      | Reached skill level 1 in Necromancy
   501 | D:4      | Reached skill level 1 in Translocations
   501 | D:4      | Reached skill level 1 in Fire Magic
   501 | D:4      | Reached skill level 1 in Ice Magic
   501 | D:4      | Reached skill level 1 in Air Magic
   501 | D:4      | Reached skill level 1 in Poison Magic
   522 | D:5      | Entered Level 5 of the Dungeon
   572 | D:5      | Reached XP level 5. HP: 37/37 MP: 7/12
   582 | D:5      | Found a staircase to the Ecumenical Temple.
   704 | D:5      | Found a stormy altar of Qazlal.
   741 | D:6      | Reached * piety under Cheibriados
   763 | D:6      | Reached skill level 2 in Invocations
   763 | D:6      | Reached XP level 6. HP: 44/44 MP: 11/13
   817 | D:5      | Reached skill level 2 in Fighting
   817 | D:5      | Reached skill level 2 in Short Blades
   817 | D:5      | Reached skill level 2 in Long Blades
   817 | D:5      | Reached skill level 2 in Axes
   817 | D:5      | Reached skill level 2 in Maces & Flails
   817 | D:5      | Reached skill level 2 in Polearms
   817 | D:5      | Reached skill level 2 in Staves
   817 | D:5      | Reached skill level 2 in Slings
   817 | D:5      | Reached skill level 2 in Bows
   817 | D:5      | Reached skill level 2 in Crossbows
   817 | D:5      | Reached skill level 2 in Throwing
   817 | D:5      | Reached skill level 2 in Armour
   817 | D:5      | Reached skill level 5 in Dodging
   817 | D:5      | Reached skill level 2 in Shields
   817 | D:5      | Reached skill level 2 in Unarmed Combat
   817 | D:5      | Reached skill level 2 in Evocations
   877 | D:7      | Found an ornate altar of the Wu Jian Council.
   950 | D:8      | Noticed an ice beast
   987 | D:7      | Found a glowing silver altar of Zin.
   988 | D:7      | Noticed an ice beast
   994 | D:7      | Killed an ice beast
   994 | D:7      | Reached XP level 7. HP: 50/50 MP: 3/15
  1037 | D:8      | Reached skill level 2 in Conjurations
  1037 | D:8      | Reached skill level 2 in Hexes
  1037 | D:8      | Reached skill level 2 in Charms
  1037 | D:8      | Reached skill level 2 in Summonings
  1037 | D:8      | Reached skill level 2 in Necromancy
  1037 | D:8      | Reached skill level 2 in Translocations
  1037 | D:8      | Reached skill level 3 in Transmutations
  1037 | D:8      | Reached skill level 2 in Fire Magic
  1037 | D:8      | Reached skill level 2 in Ice Magic
  1037 | D:8      | Reached skill level 2 in Air Magic
  1037 | D:8      | Reached skill level 2 in Poison Magic
  1043 | D:7      | Reached skill level 5 in Stealth
  1057 | D:7      | Reached skill level 3 in Invocations
  1058 | D:7      | Found Yceat's Antique Armour Boutique.
  1058 | D:7      | Noticed a wizard
  1065 | D:7      | Noticed an orc sorcerer
  1067 | D:7      | Noticed an orc sorcerer
  1069 | D:7      | Noticed an orc sorcerer
  1069 | D:7      | Noticed a sun demon
  1081 | D:7      | Killed from afar by an orc sorcerer

Vault maps used:
D:1:      sevenhm_arrival_forest_fort_large_4, serial_corexii_hall,
          corexii_hall_statues_u, corexii_hall_statues_u, hangedman_decor_points
D:2:      nicolae_overflow_hidden_temple, lemuel_round_altar
D:3:      grunt_temple_overflow_diamond, first_bread, minmay_mini_jars
D:4:      nicolae_overflow_crystal_walls
D:5:      kiku_gazebo_garden_becter, okawaru_metal_pillars_3,
          minmay_temple_entry_trees, basic_altar, serial_undead,
          serial_undead_b, serial_undead_f, serial_undead_f, serial_undead_b,
          minmay_statues_item
D:6:      lemuel_crystal_altar, uniq_blork_the_orc, uniq_eustachio
D:7:      cheibrodos_wizards_tower, lemuel_crystal_altar, lemuel_doored_altar,
          serial_shops, kennysheep_mini_moat, nicolae_ossuary_entry_catacombs,
          serial_curves, eino_curves_01, eino_curves_03
D:8:      eat_drink_and_be_merry_uskayaw, the_bakery, minmay_ruffians

Skill      XL: |  1  2  3  4  5  6  7 |
---------------+----------------------+-----
Transmutations | 2 3 |  3.1
Spellcasting   | 5 |  5.7
Invocations    | 1 2 3 |  3.0
Fighting       | 1 2 |  2.6
Short Blades   | 1 2 |  2.6
Long Blades    | 1 2 |  2.6
Axes           | 1 2 |  2.6
Maces & Flails | 1 2 |  2.6
Polearms       | 1 2 |  2.6
Staves         | 1 2 |  2.6
Slings         | 1 2 |  2.6
Bows           | 1 2 |  2.6
Crossbows      | 1 2 |  2.6
Throwing       | 1 2 |  2.6
Armour         | 1 2 |  2.6
Shields        | 1 2 |  2.6
Unarmed Combat | 1 2 |  2.6
Evocations     | 1 2 |  2.6
Conjurations   | 1 2 |  2.1
Hexes          | 1 2 |  2.1
Charms         | 1 2 |  2.1
Summonings     | 1 2 |  2.1
Necromancy     | 1 2 |  2.1
Translocations | 1 2 |  2.1
Fire Magic     | 1 2 |  2.1
Ice Magic      | 1 2 |  2.1
Air Magic      | 1 2 |  2.1
Poison Magic   | 1 2 |  2.1
Dodging        | 5 |  5.3
Stealth        | 5 |  5.0
Earth Magic    | |  5.9

Action                   |  1- 3 |  4- 6 |  7- 9 || total
-------------------------+-------+-------+-------++-------
Melee: Bite              |     1 |     2 |     4 ||     7
       Unarmed           |     1 |       |       ||     1
       Dagger            |       |     2 |    18 ||    20
 Cast: Sandblast         |    23 |    42 |       ||    65
       Passwall          |     4 |    10 |       ||    14
       Stone Arrow       |       |     7 |    12 ||    19
  Use: Scroll            |       |     1 |     2 ||     3
 Stab: Sleeping          |     1 |       |     2 ||     3
       Distracted        |       |       |     1 ||     1
Armor: Robe              |       |     4 |       ||     4
Dodge: Dodged            |     1 |    21 |    13 ||    35

Table legend:
 A = Spawn XP
 B = Non-spawn XP
 C = Spawn XP percentage of total XP
 D = Spawn monster count
 E = Non-spawn monster count
 F = Spawn count percentage of total count
 G = Total turns spent on level
                    A         B        C        D         E        F      G
               +---------+---------+-------+---------+---------+-------+---------
         Total |       0 |    1099 |   0.0 |       0 |      54 |   0.0 |  1081
               +---------+---------+-------+---------+---------+-------+---------
           D:1 |       0 |      29 |   0.0 |       0 |       9 |   0.0 |   114
           D:2 |       0 |      56 |   0.0 |       0 |      11 |   0.0 |   222
           D:3 |       0 |      42 |   0.0 |       0 |       6 |   0.0 |    76
           D:4 |       0 |      28 |   0.0 |       0 |       2 |   0.0 |   134
           D:5 |       0 |     183 |   0.0 |       0 |      12 |   0.0 |   194
           D:6 |       0 |     140 |   0.0 |       0 |       3 |   0.0 |    86
           D:7 |       0 |     441 |   0.0 |       0 |       9 |   0.0 |   248
           D:8 |       0 |     180 |   0.0 |       0 |       2 |   0.0 |     7
               +---------+---------+-------+---------+---------+-------+---------

Table legend:
 A = Turns spent in this place as a percentage of turns spent in the entire game.
 B = Non-inter-level travel turns spent in this place as a percentage of non-inter-level travel turns spent in the entire game.
 C = Inter-level travel turns spent in this place as a percentage of turns spent in this place.
 D = Turns resting spent in this place as a percentage of non-inter-level travel turns spent in this place.
 E = Turns spent auto-exploring this place as a percentage of non-inter-level travel turns spent in this place.
 F = Non-inter-level travel turns spent in this place divided by the number of levels of this place that you've seen.
                   A       B       C       D       E      F
               +-------+-------+-------+-------+-------+----------------------
         Total | 100.0 | 100.0 |   0.0 |   0.0 |   0.0 | 135.1
       Dungeon | 100.0 | 100.0 |   0.0 |   0.0 |   0.0 | 135.1
               +-------+-------+-------+-------+-------+----------------------

Table legend:
 A = Kills in this place as a percentage of kills in entire the game.
 B = Kills by you in this place as a percentage of kills by you in the entire game.
 C = Kills by friends in this place as a percentage of kills by friends in the entire game.
 D = Other kills in this place as a percentage of other kills in the entire game.
 E = Experience gained in this place as a percentage of experience gained in the entire game.
 F = Experience gained in this place divided by the number of levels of this place that you have seen.
                   A       B       C       D       E      F
               +-------+-------+-------+-------+-------+----------------------
         Total | 100.0 | 100.0 |   N/A |   N/A | 100.0 | 137.4
       Dungeon | 100.0 | 100.0 |   N/A |   N/A | 100.0 | 137.4
               +-------+-------+-------+-------+-------+----------------------

Vault maps used:
D:1:      sevenhm_arrival_forest_fort_large_4, serial_corexii_hall,
          corexii_hall_statues_u, corexii_hall_statues_u, hangedman_decor_points
D:2:      nicolae_overflow_hidden_temple, lemuel_round_altar
D:3:      grunt_temple_overflow_diamond, first_bread, minmay_mini_jars
D:4:      nicolae_overflow_crystal_walls
D:5:      kiku_gazebo_garden_becter, okawaru_metal_pillars_3,
          minmay_temple_entry_trees, basic_altar, serial_undead,
          serial_undead_b, serial_undead_f, serial_undead_f, serial_undead_b,
          minmay_statues_item
D:6:      lemuel_crystal_altar, uniq_blork_the_orc, uniq_eustachio
D:7:      cheibrodos_wizards_tower, lemuel_crystal_altar, lemuel_doored_altar,
          serial_shops, kennysheep_mini_moat, nicolae_ossuary_entry_catacombs,
          serial_curves, eino_curves_01, eino_curves_03
D:8:      eat_drink_and_be_merry_uskayaw, the_bakery, minmay_ruffians
